 Dungeon Crawl Stone Soup version 0.30.0-20-g3615ddf2f0 (webtiles) character file.

Game seed: 5616775198056851002

35 qw the Chopper (level 3, -7/23 HPs)
             Began as a Gargoyle Fighter on May 27, 2023.
             Mangled by a gnoll
             ... wielding a +0 halberd
              (13 damage)
             ... on level 2 of the Dungeon.
             The game lasted 00:00:36 (971 turns).

qw the Chopper (Gargoyle Fighter)                    Turns: 971, Time: 00:00:36

Health: -7/23      AC: 11    Str: 20 (21) XL:     3   Next: 33%
Magic:  3/3        EV:  9    Int:  6 (8)  God:
Gold:   44         SH:  4    Dex:  6 (9)  Spells: 2/2 levels left

rFire   . . .        Y - +1 war axe
rCold   . . .        c - +0 buckler
rNeg    + . .        b - +0 scale mail
rPois   inf          (no helmet)
rElec   +            h - +0 cloak
rCorr   .            (no gloves)
SInv    .            (no boots)
Will    .....        (no amulet) Stlth
                     (no ring)
HPRegen 0.23/turn    (no ring)
MPRegen 0.08/turn

%: no passive effects
@: no status effects
A: sickness immunity, AC +3, negative energy resistance 1, electricity
resistance, torment resistance 1, petrification resistance
a: no special abilities


You were on level 2 of the Dungeon.
You visited 1 branch of the dungeon, and saw 2 of its levels.

You collected 44 gold pieces.


Innate Abilities, Weirdness & Mutations

You are immune to sickness and miasma.
Your stone body is resilient. (AC +3)
You are immune to poison.
You resist negative energy. (rN+)
You are resistant to electric shocks. (rElec)
You are resistant to unholy torment.
You are immune to petrification.


   Skills:
 - Level 3.2 Fighting
 + Level 3.3 Axes
 - Level 3.2 Armour
 - Level 3.2 Shields


You had 2 spell levels left.
You didn't know any spells.
Your spell library was empty.

Inventory:

Hand Weapons
 n - a +0 whip
 Y - a +1 war axe (weapon)
Armour
 b - a +0 scale mail (worn)
 c - a +0 buckler (worn)
 h - a +0 cloak (worn)
Scrolls
 a - a scroll of magic mapping {unknown}
Potions
 d - a potion of might
 e - a potion of magic {unknown}
 i - a potion of curing {unknown}
 l - a potion of haste {unknown}

Dungeon Overview and Level Annotations

Branches:
Dungeon (2/15)

Altars:


Message History

The kobold closely misses you. The kobold hits you but does no damage.
You closely miss the kobold.
The kobold is severely wounded.
The kobold closely misses you.
You closely miss the kobold.
The kobold is severely wounded.
The kobold hits you with a +0 dagger.
You hit the kobold.
You kill the kobold!
You start resting.
HP restored.
Things that are here:
a +0 dagger; a kobold corpse 2 gnolls come into view.
The gnoll shouts! x2
A gnoll comes into view. It is wielding a +0 halberd.
965 ||| Stepping ~*~*~tactically~*~*~ (hiding).
A giant cockroach comes into view.
You block the gnoll's attack.
Found a scroll labelled NILIFU ETHY.
The gnoll hits you from afar with a +0 halberd.
You closely miss the gnoll. You hit the giant cockroach.
You block the gnoll's attack. The gnoll barely misses you.
You block the giant cockroach's attack. The gnoll barely misses you.
The gnoll closely misses you.
The gnoll hits you from afar with a +0 halberd.
You closely miss the giant cockroach.
The giant cockroach is moderately wounded.
You barely miss the gnoll. You block the giant cockroach's attack.
The gnoll hits you from afar with a +0 halberd!
The gnoll misses you. The gnoll hits you but does no damage.
The giant cockroach barely misses you.
You completely miss the giant cockroach.
The giant cockroach is moderately wounded.
You barely miss the gnoll.
The giant cockroach bites you but does no damage.
The gnoll hits you from afar with a +0 halberd!
Ouch! That really hurt!
You die...

###.......!.
............ ...........
........# ### ......#
...# #....# .....
###...g#g....?
#.)...@Bg.....
#.#....#......
###########.#.....?#...#
............#......# ..#
#######............# #
#........#####
#........# #........#
##########


You could see 3 gnolls and a giant cockroach.

Vanquished Creatures
  2 dart slugs (D:1)
  2 ball pythons (D:1)
  6 endoplasms (D:1)
  2 giant cockroaches (D:1)
  3 hobgoblins (D:1)
  8 kobolds
  A quokka (D:1)
  A frilled lizard (D:1)
  2 rats (D:1)
27 creatures vanquished.

Notes
Turn   | Place    | Note
-------+----------+-------------------------------------------
     0 | D:1      | qw the Gargoyle Fighter began the quest for the Orb.
     0 | D:1      | Reached XP level 1. HP: 14/14 MP: 1/1
     0 | D:1      | 0 ||| qw: Version: 0.2-a-99-g0e97a82
     0 | D:1      | 0 ||| qw: Game counter: 109
     0 | D:1      | 0 ||| qw: Always use a shield: true
     0 | D:1      | 0 ||| qw: God list: Okawaru
     0 | D:1      | 0 ||| qw: Allow faded altars: false
     0 | D:1      | 0 ||| qw: Do Orc after D:15 true
     0 | D:1      | 0 ||| qw: Do second Lair branch before Depths: true
     0 | D:1      | 0 ||| qw: Lair rune preference: random
     0 | D:1      | 0 ||| qw: Plans: Normal, Zot:1-4, God:TSO, Crypt, Tomb,
                  | Pan, Slime:5, Hells, Abyss, Win
     0 | D:1      | 0 ||| PLANNING D:1-11
    75 | D:1      | Reached XP level 2. HP: 19/19 MP: 2/2
   106 | D:1      | 106 ||| FLEEEEING.
   110 | D:1      | 110 ||| FLEEEEING.
   305 | D:1      | Reached skill level 3 in Axes
   500 | D:1      | 500 ||| Stepping ~*~*~tactically~*~*~ (stealth).
   501 | D:1      | 501 ||| Stepping ~*~*~tactically~*~*~ (stealth).
   503 | D:1      | 503 ||| Stepping ~*~*~tactically~*~*~ (stealth).
   504 | D:1      | 504 ||| Stepping ~*~*~tactically~*~*~ (stealth).
   506 | D:1      | Reached XP level 3. HP: 19/23 MP: 3/3
   506 | D:1      | 506 ||| FLEEEEING.
   507 | D:1      | 507 ||| FLEEEEING.
   508 | D:1      | 508 ||| FLEEEEING.
   509 | D:1      | 509 ||| FLEEEEING.
   510 | D:1      | 510 ||| FLEEEEING.
   511 | D:1      | 511 ||| FLEEEEING.
   512 | D:1      | 512 ||| FLEEEEING.
   597 | D:1      | 597 ||| Stepping ~*~*~tactically~*~*~ (hiding).
   617 | D:1      | 617 ||| DROPPING +0 club.
   707 | D:1      | 707 ||| FLEEEEING.
   708 | D:1      | 708 ||| FLEEEEING.
   766 | D:1      | 766 ||| Stepping ~*~*~tactically~*~*~ (stealth).
   767 | D:1      | 767 ||| Stepping ~*~*~tactically~*~*~ (stealth).
   851 | D:1      | 851 ||| UPGRADING to +0 cloak.
   856 | D:1      | 856 ||| READING scroll labelled QIUJEU HOGRAK.
   857 | D:1      | 857 ||| READING scroll labelled WIYCAY VAEMIONTEQ.
   858 | D:1      | 858 ||| READING scroll labelled HECUAC YCEGEUPS.
   859 | D:1      | 859 ||| READING scroll labelled LAR NUFEPIUMIQ.
   860 | D:1      | 860 ||| DRINKING 2 amethyst potions.
   861 | D:1      | 861 ||| DROPPING potion of degeneration.
   965 | D:2      | 965 ||| Stepping ~*~*~tactically~*~*~ (hiding).
   971 | D:2      | Mangled by a gnoll

Levels and vault maps discovered:
D:1:      co_arrival_two_rings, layout_loops_ring
D:2:      layout_basic, serial_shops, shop

Skill      XL: |  1  2 |
---------------+-------+-----
Axes           | 2 3 |  3.3
Fighting       | |  3.2
Armour         | |  3.2
Shields        | |  3.2

Action                     || total
---------------------------++-------
  Melee: War axe           ||    81
    Use: Scroll            ||     4
         Potion            ||     1
 Armour: Scale mail        ||    31
  Dodge: Dodged            ||    32
  Block: Buckler           ||    11

Table legend:
 A = Non-vault XP
 B = Vault XP
 C = Vault XP percentage of total XP
 D = Non-vault monster count
 E = Vault monster count
 F = Vault count percentage of total count
                 A         B        C        D         E       F
            +---------+---------+-------+---------+---------+-------
      Total |      50 |       0 |   0.0 |      27 |       0 |   0.0
            +---------+---------+-------+---------+---------+-------
        D:1 |      49 |       0 |   0.0 |      26 |       0 |   0.0
        D:2 |       1 |       0 |   0.0 |       1 |       0 |   0.0
            +---------+---------+-------+---------+---------+-------
